 Dungeon Crawl Stone Soup version 0.28.0 (webtiles) character file.

Game seed: 2051937361800140313

486 Crownlay the Digger (level 7, -4/36 HPs)
             Began as a Gargoyle Earth Elementalist on Feb 12, 2022.
             Slain by a lemure (8 damage)
             ... led by Pikel
             ... on level 4 of the Dungeon.
             The game lasted 00:07:20 (4352 turns).

Crownlay the Digger (Gargoyle Earth Elementalist)   Turns: 4352, Time: 00:07:20

Health: -4/36      AC:  8    Str: 11    XL:     7   Next: 13%
Magic:  1/15       EV: 11    Int: 18    God:
Gold:   122        SH:  0    Dex: 10    Spells: 11/17 levels left

rFire   . . .      SeeInvis .   i - +6 dagger
rCold   + . .      Faith    .   (no shield)
rNeg    + . .      Spirit   .   b - +0 robe
rPois   ∞          Reflect  .   (no helmet)
rElec   +          Harm     .   (no cloak)
rCorr   .          Rampage  .   a - +0 pair of gloves
Will    .....                   k - +0 pair of boots
Stlth   ++........              (no amulet)
HPRegen 0.12/turn               l - ring of protection from cold
MPRegen 0.14/turn               (no ring)

@: no status effects
A: sickness immunity, AC +4, negative energy resistance 1, electricity
resistance, torment resistance 1, petrification resistance
a: no special abilities


You were on level 4 of the Dungeon.
You visited 1 branch of the dungeon, and saw 4 of its levels.

You collected 122 gold pieces.

Inventory:

Hand Weapons
 i - a +6 dagger (weapon)
Armour
 a - a +0 pair of gloves (worn)
 b - a +0 robe (worn)
 k - a +0 pair of boots (worn)
 t - a +1 leather armour of cold resistance
Magical Staves
 d - a staff of conjuration
 o - a staff of air
Jewellery
 l - a ring of protection from cold (left hand)
Wands
 f - a wand of mindburst (15) (quivered)
 s - a wand of iceblast (2)
Scrolls
 e - a scroll of enchant armour
 g - a scroll of noise
 n - 2 scrolls of teleportation
 r - a scroll of summoning {unknown}
 u - a scroll of fog {unknown}
Potions
 h - a potion of heal wounds {unknown}
 j - a potion of berserk rage {unknown}
 m - a potion of curing {unknown}
 p - a potion of haste {unknown}
 q - a potion of attraction {unknown}


   Skills:
 - Level 1.5 Dodging
 - Level 2.1 Stealth
 * Level 5.7 Spellcasting
 + Level 0.6 Conjurations
 - Level 0.7 Transmutations
 + Level 6.1 Earth Magic


You had 11 spell levels left.
You knew the following spells:

 Your Spells              Type           Power      Damage    Failure   Level
a - Sandblast             Erth           54%        2d13      1%          1
b - Passwall              Tmut/Erth      14%        N/A       4%          2
c - Stone Arrow           Conj/Erth      34%        3d9       10%         3

Your spell library contained the following spells:

 Spells                   Type           Power      Damage    Failure   Level
 Petrify                  Tmut/Erth      17%        N/A       30%         4


Dungeon Overview and Level Annotations

Branches:
Dungeon (4/15)
 Temple: D:4-7

Altars:
Fedhas

Annotations:
D:4 exclusion: oklob plant, Pikel


Innate Abilities, Weirdness & Mutations

You are immune to sickness and miasma.
Your stone body is resilient. (AC +4)
You are immune to poison.
You resist negative energy. (rN+)
You are resistant to electric shocks. (rElec)
You are resistant to unholy torment.
You are immune to petrification.


Message History

Pikel hits you but does no damage.
Casting: Sandblast (safe; 1% risk of failure)
Confirm with . or Enter, or press ? or * to list all spells.
Aiming: Sandblast (safe; 1% risk of failure)
Press: ? - help, Shift-Dir - straight line, f/p - Pikel
Aim: Pikel, wielding a +0 whip of freezing and wearing a +0 robe (lightly wounded, 76% to hit)
The blast of sand hits Pikel.
Pikel is lightly wounded.
You now have no stones remaining.
Pikel barely misses you.
You barely miss Pikel.
Pikel is lightly wounded.
Pikel hits you with a +0 whip of freezing.
You hit Pikel.
Pikel is moderately wounded.
Pikel hits you but does no damage.
You closely miss Pikel. Your punch misses Pikel.
Pikel is moderately wounded.
Pikel hits you with a +0 whip of freezing.
You hit Pikel.
Pikel is moderately wounded.
Pikel barely misses you.
You barely miss Pikel.
Pikel is moderately wounded.
Pikel hits you with a +0 whip of freezing.
You hit Pikel. Your punch misses Pikel.
Pikel is heavily wounded.
The lemure barely misses you.
Pikel hits you with a +0 whip of freezing!
* * * LOW HITPOINT WARNING * * *
You hit Pikel but do no damage.
Pikel is heavily wounded.
The lemure barely misses you.
Pikel hits you with a +0 whip of freezing.
* * * LOW HITPOINT WARNING * * *
Okay, then.
Aiming: Mindburst
Press: ? - help, Shift-Dir - straight line, f/p - Pikel
Aim: Pikel, wielding a +0 whip of freezing and wearing a +0 robe (heavily wounded, chance to affect: 64%) Pikel's mind is blasted!!
The lemure hits you!
You die...

.#.#...........
#.#.).................
#..............≈.....
#....................
#..........#. ..≈....
#.......#...# ...≈.?.#
#.#......##..##55≈.....#
#.#....####>.#K5....#..##
#.....##...@##..# #...## ##
#.#!...#.....5..# #...###.
..#.#............# ###......
.....##..##........# #..##..##
.......#.#.........#####......#.
.........#..........##.....#...<
#########..=...............##..
#...........##...).###.
#..........###..)..# #.


You could see Pikel and 4 lemures.

Vanquished Creatures
  Sigmund (D:3)
  Pargi (D:3)
  A water moccasin skeleton (D:4)
  An orc priest (D:3)
  An iguana (D:3)
  Ijyb (D:3)
  An adder (D:2)
  2 worms
  3 dart slugs (D:1)
  7 orcs
  5 ball pythons
  9 endoplasms
  2 giant cockroaches
  10 goblins
  6 hobgoblins
  4 jackals (D:1)
  4 quokkas
  3 bats
  5 frilled lizards
  6 kobolds
  4 rats
  A toadstool (D:4)
78 creatures vanquished.

Vanquished Creatures (others)
  A fungus (D:4)
  4 plants (D:4)
  11 toadstools (D:4)
16 creatures vanquished.

Grand Total: 94 creatures vanquished

Notes
Turn   | Place    | Note
-------+----------+-------------------------------------------
     0 | D:1      | Crownlay the Gargoyle Earth Elementalist began the quest
                  | for the Orb.
     0 | D:1      | Reached XP level 1. HP: 10/10 MP: 3/3
   220 | D:1      | Reached XP level 2. HP: 9/15 MP: 0/5
   616 | D:1      | Reached skill level 4 in Earth Magic
   809 | D:1      | Reached XP level 3. HP: 9/19 MP: 4/7
   978 | D:1      | Found a faded altar of an unknown god.
  2256 | D:2      | Reached XP level 4. HP: 24/24 MP: 9/9
  2259 | D:2      | Learned a level 2 spell: Passwall
  2263 | D:2      | Learned a level 3 spell: Stone Arrow
  2642 | D:3      | Noticed Sigmund
  3097 | D:3      | Noticed Pargi
  3099 | D:3      | Reached XP level 5. HP: 25/28 MP: 9/11
  3108 | D:3      | Killed Pargi
  3109 | D:3      | Reached skill level 5 in Earth Magic
  3109 | D:3      | Reached XP level 6. HP: 16/32 MP: 0/13
  3327 | D:3      | Noticed Ijyb
  3333 | D:3      | Killed Ijyb
  3468 | D:3      | Identified the +1 ring mail of Sunlight {Int+4}
  3916 | D:3      | Killed Sigmund
  3917 | D:3      | Reached skill level 5 in Spellcasting
  4070 | D:4      | Found a blossoming altar of Fedhas.
  4159 | D:4      | Noticed an oklob plant
  4248 | D:4      | Reached skill level 6 in Earth Magic
  4248 | D:4      | Reached XP level 7. HP: 36/36 MP: 11/15
  4332 | D:4      | Noticed Pikel
  4352 | D:4      | Slain by a lemure

Illustrated notes

Levels and vault maps discovered:
D:1:      nzn_arrival_depleted_hourglass, layout_basic,
          hellmonk_ecumenical_altar_lost_god
D:2:      layout_loops_ring
D:3:      layout_basic, uniq_sigmund, uniq_pargi, uniq_ijyb
D:4:      layout_cave_pods, tgw_fedhas, portal_sewer_entry_b,
          minmay_misc_feat_secret_circle, chequers_serial_rivers_micro_c,
          uniq_pikel, uniq_crazy_yiuf_cottage

Skill      XL: |  1  2  3  4  5  6 |
---------------+-------------------+-----
Earth Magic    | 4 5 6 |  6.1
Spellcasting   | 3 4 5 |  5.7
Dodging        | |  1.5
Stealth        | |  2.1
Conjurations   | |  0.6
Transmutations | |  0.7

Action                   |  1- 3 |  4- 6 |  7- 9 || total
-------------------------+-------+-------+-------++-------
Melee: Unarmed           |     1 |       |       ||     1
       Club              |    43 |       |       ||    43
       Hand axe          |    31 |       |       ||    31
       Dagger            |    44 |    68 |    16 ||   128
       Punch             |       |       |     1 ||     1
 Cast: Sandblast         |    12 |    31 |     6 ||    49
       Stone Arrow       |       |     5 |     3 ||     8
Evoke: Wand              |       |       |     1 ||     1
  Use: Scroll            |       |     6 |       ||     6
 Stab: Sleeping          |     1 |     3 |       ||     4
Armor: Robe              |    54 |    29 |     5 ||    88
Dodge: Dodged            |    89 |    44 |     9 ||   142
